 Dungeon Crawl Stone Soup version 0.16.1 (webtiles) character file.

88 Helmschank the Digger (level 4, -5/24 HPs)
             Began as a Gargoyle Earth Elementalist on Mar 24, 2015.
             Killed from afar by an orc wizard (6 damage)
             ... with a puff of frost
             ... on level 2 of the Dungeon.
             The game lasted 00:17:21 (2273 turns).

Helmschank the Digger (Gargoyle Earth Elementalist) Turns: 2273, Time: 00:17:21

Health: -5/24      AC:  6    Str: 11    XL:     4   Next: 54%
Magic:  7/10       EV: 12    Int: 17    God:
Gold:   40         SH:  0    Dex: 10    Spells: 3 memorised, 4 levels left

rFire  . . .     SeeInvis .     q - 55 stones
rCold  . . .     Clarity  .     c - +0 robe
rNeg   + . .     SustAb   .     (no shield)
rPois  ∞         Gourm    .     (no helmet)
rElec  +         Spirit   .     l - +0 cloak
rCorr  .         Warding  .     (no gloves)
rMut   .         Stasis   .     (no boots)
MR     .....                    (no amulet)
Stlth  ++........               (no ring)
                                (no ring)

@: not resistant to hostile enchantments, unstealthy
A: negative energy resistance 1, electricity resistance, unbreathing,
petrification resistance, rot immunity, AC +3
a: no special abilities


You were on level 2 of the Dungeon.
You were not hungry.

You visited 1 branch of the dungeon, and saw 3 of its levels.

You collected 40 gold pieces.

Inventory:

Hand weapons
 r - a +0 spear
 w - a +0 whip
Missiles
 q - 55 stones (in hand)
 t - 11 poisoned needles
Armour
 c - a +0 robe (worn)
 l - a +0 cloak (worn)
Jewellery
 f - a +1 ring of protection {unknown}
 m - an uncursed amulet of guardian spirit {unknown}
Scrolls
 b - a scroll of remove curse {unknown}
 h - 2 scrolls of teleportation {unknown}
 i - 2 scrolls of random uselessness {unknown}
 j - 4 scrolls of identify {unknown}
 p - a scroll of fog {unknown}
Potions
 e - a potion of magic {unknown}
 k - a potion of brilliance {unknown}
 n - 2 potions of heal wounds {unknown}
 o - a potion of invisibility {unknown}
Books
 d - a book of Geomancy

   Spells                             Type                      Level
   a - Sandblast                      Earth                        1
   b - Stoneskin                      Transmutation/Earth          2
   c - Passwall                       Transmutation/Earth          3
   d - Stone Arrow                    Conjuration/Earth            3
   e - Petrify                        Transmutation/Earth          4
   f - Lee's Rapid Deconstruction     Earth                        5
Comestibles
 a - a bread ration
 g - a slice of pizza
 s - 2 chunks of flesh


   Skills:
 - Level 1.5 Dodging
 - Level 2.1 Stealth
 * Level 3.5 Spellcasting
 + Level 1.3 Conjurations
 - Level 0.7 Transmutations
 + Level 4.4 Earth Magic


You had 4 spell levels left.
You knew the following spells:

 Your Spells              Type           Power        Failure   Level  Hunger
a - Stone Arrow           Conj/Erth      ##....       17%         3    ###....
z - Sandblast             Erth           ###...       2%          1    None
W - Stoneskin             Trmt/Erth      ##......     12%         2    ##.....


Dungeon Overview and Level Annotations

Branches:
Dungeon (3/15)

Altars:
Fedhas
Kikubaaqudgha


Innate Abilities, Weirdness & Mutations

You are resistant to torment.
You are immune to poison.
Your stone body is very resilient (AC +3).
You resist negative energy.
You are resistant to electric shocks.
You can survive without breathing.
You are immune to petrification.
You are immune to rotting.


Message History

Confirm with . or Enter, or press ? or * to list all spells.
Aiming: Sandblast
Press: ? - help, Shift-Dir - straight line You hear some strange, mumbled words.
The puff of flame misses you.
Casting: Sandblast
Confirm with . or Enter, or press ? or * to list all spells.
Aiming: Sandblast
Press: ? - help, Shift-Dir - straight line The rocky blast hits something.
Something hits you.
You hear some strange, mumbled words.
The puff of frost hits you!
You hear some strange, mumbled words.
The puff of flame misses you.
You hear some strange, mumbled words.
The puff of frost hits you!
* * * LOW HITPOINT WARNING * * *
The puff of frost misses you. The puff of frost hits you!
You die...

####### #..P##.
###################
#P_.##.
......>.........@.##
##.PP#..
#################..##
#..P##.<
##.>######P.P#)## ###
##............# ..#
####.........# #.#
##...#P.P#### #.##
#..###P.P# #..#
#.#.#PP.## ..<#####
#...#._P#


There were no monsters in sight!

Vanquished Creatures
  3 gnolls (D:3)
  An adder (D:2)
  A worm (D:2)
  8 bats
  A giant cockroach (D:1)
  8 hobgoblins
  2 jackals
  7 kobolds
  A giant newt (D:2)
  7 goblins
  4 rats
43 creatures vanquished.

Notes
Turn   | Place    | Note
--------------------------------------------------------------
     0 | D:1      | Helmschank, the Gargoyle Earth Elementalist, began the quest for the Orb.
     0 | D:1      | Reached XP level 1. HP: 10/10 MP: 3/3
   395 | D:1      | Reached XP level 2. HP: 15/15 MP: 1/5
   399 | D:1      | Learned a level 2 spell: Stoneskin
   564 | D:1      | Reached skill level 4 in Earth Magic
  1040 | D:2      | Reached XP level 3. HP: 19/19 MP: 2/6
  1345 | D:2      | Found a blossoming altar of Fedhas.
  1346 | D:2      | Found an ancient bone altar of Kikubaaqudgha.
  1478 | D:2      | Learned a level 3 spell: Stone Arrow
  1928 | D:3      | Reached XP level 4. HP: 24/24 MP: 7/9
  2085 | D:3      | Reached skill level 1 in Conjurations
  2271 | D:2      | HP: 1/24 [something/puff of frost (9)]
  2273 | D:2      | Killed from afar by an orc wizard

Action                   |  1- 3 |  4- 6 || total
-------------------------+-------+-------++-------
Melee: Club              |    19 |       ||    19
       Whip              |    27 |       ||    27
 Cast: Sandblast         |    69 |    16 ||    85
       Stoneskin         |     1 |       ||     1
       Stone Arrow       |       |     3 ||     3
 Stab: Sleeping          |     1 |       ||     1
  Eat: Chunk             |     4 |     1 ||     5
